Oilers vs Blues

Created - Sunday, April 17, 2016 at 00:22

Goals
1 2 3 T
Oilers 1 1 0 2
Blues 1 1 3 5
Shots
1 2 3 T
Oilers 6 15 2 23
Blues 14 4 13 31

1st period

1. Oilers , Nick Foligno 2 (Pavel Datsyuk, Nicklas Backstrom) at 10:44
2. Blues , Mark Stone 2 (Scott Laughton, Hampus Lindholm) at 12:26

Penalties :
Kevan Miller (StL) for Hooking (Minor) at 2:22

2nd period

3. Oilers , Nick Foligno 3 (Pavel Datsyuk) at 2:37 (PP)
4. Blues , Mark Stone 3 (Kris Letang, Artem Anisimov) at 2:59

Penalties :
Tomas Tatar (StL) for Interference (Minor) at 2:05, Ryan McDonagh (Edm) for Hooking (Minor) at 17:26

3rd period

5. Blues , Rick Nash 1 (Tomas Tatar, Sean Couturier) at 8:52
6. Blues , Rick Nash 2 (Kevan Miller, Tomas Tatar) at 9:34
7. Blues , Rick Nash 3 (Cam Atkinson, Henrik Lundqvist) at 19:54 (PP)

Penalties :
Hampus Lindholm (StL) for Holding (Minor) at 6:11, Sean Couturier (StL) for Hooking (Minor) at 10:33, Derek Stepan (Edm) for Interference (Minor) at 11:05, Johan Franzen (StL) for Interference (Minor) at 14:11, Milan Michalek (Edm) for Interference (Minor) at 19:30

Goalie Stats

Jaroslav Halak (Edm), 26 saves from 31 shots - (0.839), L, 0-3-0, 60:00 minutes
Henrik Lundqvist (StL), 21 saves from 23 shots - (0.913), W, 3-0-0, 60:00 minutes

Players Stats for Oilers

Player Name              G  A  P  +/- PIM S  H  SB GA TA FO     MP     PP MP  PK MP  
------------------------------------------------------------------------------------
Andrew Ladd              0  0  0   0  0   0  3  2  0  1  0/0    20:27   2:47   2:23 
Andrew MacDonald         0  0  0  -1  0   0  2  1  0  0  0/0    15:46   0:00   0:51 
Brayden McNabb           0  0  0   0  0   0  0  1  0  0  0/0     0:33   0:00   0:00 
Colin Wilson             0  0  0   0  0   3  1  0  0  0  0/0     9:39   2:47   0:00 
Derek Stepan             0  0  0   0  2   0  0  1  3  1  0/4    19:02   3:59   0:00 
Henrik Zetterberg        0  0  0   0  0   2  1  0  1  0  1/3    22:05   4:07   0:51 
James Wisniewski         0  0  0  -1  0   1  0  1  0  1  0/0    23:18   4:00   1:23 
Jason Demers             0  0  0  -1  0   0  0  1  0  0  0/0    15:01   0:00   0:00 
Lars Eller               0  0  0   0  0   0  0  0  0  0  5/6     6:43   0:00   0:00 
Milan Michalek           0  0  0  -1  2   1  0  0  0  0  0/0    13:16   0:30   0:10 
Nick Bonino              0  0  0  -1  0   1  3  1  1  2  3/9    14:16   0:00   2:04 
Nick Foligno             2  0  2  -2  0   3  1  0  3  0  1/3    18:53   4:48   0:00 
Nicklas Backstrom        0  1  1  -2  0   1  2  0  3  1  11/17  20:58   4:51   0:00 
Niklas Hjalmarsson       0  0  0  -1  0   0  0  1  0  0  0/0    18:37   0:00   1:32 
Patrick Marleau          0  0  0  -1  0   4  0  0  2  1  0/0    20:17   3:01   0:22 
Pavel Datsyuk            0  2  2  -2  0   1  2  2  1  1  1/2    19:41   4:14   0:00 
Ryan McDonagh            0  0  0  -1  2   1  1  0  0  3  0/0    18:26   0:00   0:32 
Zbynek Michalek          0  0  0  -1  0   5  0  2  0  1  0/0    18:37   0:00   1:32 

Players Stats for Blues

Player Name              G  A  P  +/- PIM S  H  SB GA TA FO     MP     PP MP  PK MP  
------------------------------------------------------------------------------------
Anders Lee               0  0  0  -1  0   1  2  0  1  0  1/5    14:57   0:57   0:00 
Artem Anisimov           0  1  1   1  0   1  0  1  1  0  6/15   18:20   1:33   3:34 
Brandon Saad             0  0  0   1  0   2  0  0  0  1  0/0    14:26   1:06   0:00 
Cam Atkinson             0  1  1  -1  0   1  2  2  1  1  0/0    18:29   1:26   3:34 
Hampus Lindholm          0  1  1   0  2   2  1  0  0  0  0/0    18:47   0:32   2:14 
Joakim Nordstrom         0  0  0   1  0   1  2  0  0  0  0/0    10:41   0:00   3:27 
Johan Franzen            0  0  0  -1  2   2  2  0  1  0  0/0    12:21   0:00   0:00 
Josh Gorges              0  0  0   0  0   3  0  1  0  1  0/0    19:19   0:32   3:40 
Kevan Miller             0  1  1   2  2   1  0  3  0  0  0/0    13:38   0:00   0:00 
Kris Letang              0  1  1   1  0   1  1  2  1  0  0/0    20:34   1:26   4:07 
Mark Fayne               0  0  0   0  0   1  0  1  0  0  0/0     7:56   0:00   1:07 
Mark Stone               2  0  2   2  0   7  2  0  5  0  2/3    19:23   1:33   0:00 
Rick Nash                3  0  3   2  0   7  3  0  2  0  1/1    17:48   1:22   0:00 
Ryan Ellis               0  0  0   2  0   0  0  0  0  0  0/0    13:07   0:00   0:00 
Scott Laughton           0  1  1   1  0   0  1  0  1  0  5/10   10:41   0:00   3:27 
Sean Couturier           0  1  1   2  2   0  1  1  0  0  6/9    18:14   1:49   0:00 
Tomas Tatar              0  2  2   2  2   1  2  0  3  0  1/1    17:47   1:22   0:00 
Zdeno Chara              0  0  0   1  0   0  2  1  2  2  0/0    24:59   0:57   2:54 

3 Stars

1 - Rick Nash (StL)
2 - Mark Stone (StL)
3 - Nick Foligno (Edm)

Power Play

Oilers - 1 on 5 Attempt(s) - 20.00%
Blues - 1 on 3 Attempt(s) - 33.33%

Penalty Kill

Oilers - 2 on 3 Attempt(s) - 66.67% - Score 0 goal in Penalty Kill
Blues - 4 on 5 Attempt(s) - 80.00% - Score 0 goal in Penalty Kill

Team Stat

Oilers - Hits : 16 - Faceoff Wins : 22 - Blocked Shots : 13 - Penalty Minutes : 6
Blues - Hits : 21 - Faceoff Wins : 22 - Blocked Shots : 12 - Penalty Minutes : 10

Official

Referees : Unknown
Linesman : Unknown

Game Notes

8:52 of 3rd period - Blues goal is going for a video replay. After video review, Goal.
9:34 of 3rd period - Blues goal is going for a video replay. After video review, Goal.
Rick Nash has scored a Hat Trick!

Finance

Level 1 -- Attendance: 6000 (100.00%) -- Ticket Income $498,000
Level 2 -- Attendance: 5000 (100.00%) -- Ticket Income $240,000
Level 3 -- Attendance: 2000 (100.00%) -- Ticket Income $52,000
Level 4 -- Attendance: 4000 (100.00%) -- Ticket Income $56,000
Luxury Box -- Attendance: 1000 (100.00%) -- Ticket Income $170,000
Game was played at the Savis Center.
Total Attendance: 18000 (100.00%)
Total Ticket Income: $1,016,000
Other Income: $497,840
Total Income: $1,513,840

Oilers

5 vs 5 Forward 
   Center                   Left Wing                Right Wing               Time % Phy DF OF 
 1 Nicklas Backstrom        Pavel Datsyuk            Nick Foligno             37     0   1  4  
 2 Derek Stepan             Andrew Ladd              Henrik Zetterberg        37     0   1  4  
 3 Nick Bonino              Milan Michalek           Patrick Marleau          26     0   2  3  
 4 Lars Eller               Colin Wilson             Patrick Marleau          0      1   2  2  

5 vs 5 Defense 
   Defense                  Defense                                           Time % Phy DF OF 
 1 Ryan McDonagh            James Wisniewski                                  35     1   4  0  
 2 Zbynek Michalek          Niklas Hjalmarsson                                35     1   4  0  
 3 Jason Demers             Andrew MacDonald                                  27     1   4  0  
 4 Jason Demers             Andrew MacDonald                                  3      1   4  0  

PowerPlay Forward 
   Center                   Left Wing                Right Wing               Time % Phy DF OF 
 1 Nicklas Backstrom        Pavel Datsyuk            Nick Foligno             60     0   0  5  
 2 Henrik Zetterberg        Andrew Ladd              Colin Wilson             40     0   0  5  

PowerPlay Defense
   Defense                  Defense                                           Time % Phy DF OF 
 1 Henrik Zetterberg        Patrick Marleau                                   60     1   2  2  
 2 Derek Stepan             James Wisniewski                                  40     1   2  2  

Penalty Kill 4 Players Forward 
   Center                   Wing                     Time % Phy DF OF 
 1 Nick Bonino              Andrew Ladd              60     1   4  0  
 2 Derek Stepan             Milan Michalek           40     1   4  0  

Penalty Kill 4 Players Defense
   Defense                  Defense                  Time % Phy DF OF 
 1 Zbynek Michalek          Niklas Hjalmarsson       50     1   4  0  
 2 Ryan McDonagh            Andrew MacDonald         50     1   4  0  

Penalty Kill - 3 Players Forward 
   Forward                                           Time % Phy DF OF 
 1 Nick Bonino                                       60     1   4  0  
 2 Derek Stepan                                      40     1   4  0  

Penalty Kill - 3 Players Defense
   Defense                  Defense                  Time % Phy DF OF 
 1 Zbynek Michalek          Niklas Hjalmarsson       50     1   4  0  
 2 Ryan McDonagh            Andrew MacDonald         50     1   4  0  

4 vs 4 Forward 
   Center                   Wing                     Time % Phy DF OF 
 1 Nicklas Backstrom        Pavel Datsyuk            60     0   0  5  
 2 Henrik Zetterberg        Nick Foligno             40     0   0  5  

4 vs 4 Defense
   Defense                  Defense                  Time % Phy DF OF 
 1 Ryan McDonagh            James Wisniewski         60     1   4  0  
 2 Brayden McNabb           Jason Demers             40     1   4  0  

Last Minutes Offensive
   Center                   Left Wing                Right Wing               Defense                  Defense                  
   Nicklas Backstrom        Pavel Datsyuk            Nick Foligno             Patrick Marleau          Henrik Zetterberg        

Last Minutes Defensive
   Center                   Left Wing                Right Wing               Defense                  Defense                  
   Nicklas Backstrom        Andrew Ladd              Nick Foligno             Ryan McDonagh            Zbynek Michalek          

Goaltenders
Starting : Jaroslav Halak           
Backup : Ray Emery                

Extra Forwards
Normal : Nicklas Backstrom, Pavel Datsyuk, Henrik Zetterberg - PP : Nicklas Backstrom, Pavel Datsyuk - PK : Patrick Marleau
Extra Defensemen
Normal : Jason Demers, Andrew MacDonald, Brayden McNabb - PP : Jason Demers - PK : Andrew MacDonald, Ryan McDonagh
Penalty Shots
Pavel Datsyuk, Patrick Marleau, Andrew Ladd, Derek Stepan, Nicklas Backstrom

Blues

5 vs 5 Forward 
   Center                   Left Wing                Right Wing               Time % Phy DF OF 
 1 Sean Couturier           Rick Nash                Tomas Tatar              34     0   0  5  
 2 Artem Anisimov           Brandon Saad             Mark Stone               31     0   0  5  
 3 Anders Lee               Johan Franzen            Cam Atkinson             21     0   2  3  
 4 Scott Laughton           Joakim Nordstrom         Mark Stone               14     0   2  3  

5 vs 5 Defense 
   Defense                  Defense                                           Time % Phy DF OF 
 1 Zdeno Chara              Kris Letang                                       34     1   2  2  
 2 Hampus Lindholm          Josh Gorges                                       31     1   2  2  
 3 Kevan Miller             Ryan Ellis                                        21     1   2  2  
 4 Zdeno Chara              Mark Fayne                                        14     1   2  2  

PowerPlay Forward 
   Center                   Left Wing                Right Wing               Time % Phy DF OF 
 1 Sean Couturier           Rick Nash                Tomas Tatar              50     0   1  4  
 2 Artem Anisimov           Brandon Saad             Mark Stone               50     0   1  4  

PowerPlay Defense
   Defense                  Defense                                           Time % Phy DF OF 
 1 Anders Lee               Zdeno Chara                                       50     0   2  3  
 2 Cam Atkinson             Kris Letang                                       50     0   2  3  

Penalty Kill 4 Players Forward 
   Center                   Wing                     Time % Phy DF OF 
 1 Artem Anisimov           Cam Atkinson             50     1   3  1  
 2 Scott Laughton           Joakim Nordstrom         50     1   3  1  

Penalty Kill 4 Players Defense
   Defense                  Defense                  Time % Phy DF OF 
 1 Josh Gorges              Zdeno Chara              50     1   3  1  
 2 Kris Letang              Hampus Lindholm          50     1   3  1  

Penalty Kill - 3 Players Forward 
   Forward                                           Time % Phy DF OF 
 1 Sean Couturier                                    50     1   4  0  
 2 Scott Laughton                                    50     1   4  0  

Penalty Kill - 3 Players Defense
   Defense                  Defense                  Time % Phy DF OF 
 1 Josh Gorges              Zdeno Chara              50     1   4  0  
 2 Kris Letang              Hampus Lindholm          50     1   4  0  

4 vs 4 Forward 
   Center                   Wing                     Time % Phy DF OF 
 1 Sean Couturier           Brandon Saad             50     0   1  4  
 2 Artem Anisimov           Mark Stone               50     0   1  4  

4 vs 4 Defense
   Defense                  Defense                  Time % Phy DF OF 
 1 Zdeno Chara              Kris Letang              50     0   3  2  
 2 Josh Gorges              Hampus Lindholm          50     0   3  2  

Last Minutes Offensive
   Center                   Left Wing                Right Wing               Defense                  Defense                  
   Sean Couturier           Rick Nash                Tomas Tatar              Zdeno Chara              Kris Letang              

Last Minutes Defensive
   Center                   Left Wing                Right Wing               Defense                  Defense                  
   Sean Couturier           Rick Nash                Tomas Tatar              Zdeno Chara              Kris Letang              

Goaltenders
Starting : Henrik Lundqvist         
Backup : Frederik Andersen        

Extra Forwards
Normal : Anders Lee, Cam Atkinson, Brandon Saad - PP : Anders Lee, Cam Atkinson - PK : Brandon Saad
Extra Defensemen
Normal : Kris Letang, Zdeno Chara, Hampus Lindholm - PP : Kris Letang - PK : Mark Fayne, Zdeno Chara
Penalty Shots
Rick Nash, Sean Couturier, Tomas Tatar, Artem Anisimov, Mark Stone

% Time on Ice - Oilers

Lines # - Real PCT - Wanted PCT - Time Play
Normal Forward
1 - 30% - 37% - 14:34
2 - 31% - 37% - 15:10
3 - 25% - 26% - 12:10
4 - 14% - 0% - 6:43
Normal Defense
1 - 34% - 35% - 16:37
2 - 36% - 35% - 17:32
3 - 28% - 27% - 13:50
4 - 1% - 3% - 0:38
PP Forward
1 - 60% - 60% - 4:14
2 - 40% - 40% - 2:47
PP Defense
1 - 43% - 60% - 3:01
2 - 57% - 40% - 4:00
PK Forward
1 - 100% - 60% - 2:55
2 - 0% - 40% - 0:00
PK Defense
1 - 71% - 50% - 2:04
2 - 29% - 50% - 0:51
PK3 Forward
1 - 0% - 60%
2 - 0% - 40%
PK3 Defense
1 - 0% - 50%
2 - 0% - 50%
44 Forward
1 - 100% - 60% - 1:27
2 - 0% - 40% - 0:00
44 Defense
1 - 62% - 60% - 0:54
2 - 38% - 40% - 0:33
Last Minute Offensive  - 0:00
Last Minute Defensive  - 0:00
Total
Forward - 60:00
Defense - 60:00

% Time on Ice - Blues

Lines # - Real PCT - Wanted PCT - Time Play
Normal Forward
1 - 35% - 34% - 16:49
2 - 26% - 31% - 12:52
3 - 25% - 21% - 12:14
4 - 14% - 14% - 6:42
Normal Defense
1 - 27% - 34% - 13:22
2 - 32% - 31% - 15:19
3 - 27% - 21% - 13:07
4 - 14% - 14% - 6:49
PP Forward
1 - 47% - 50% - 1:22
2 - 53% - 50% - 1:33
PP Defense
1 - 33% - 50% - 0:57
2 - 67% - 50% - 1:58
PK Forward
1 - 51% - 50% - 3:34
2 - 49% - 50% - 3:27
PK Defense
1 - 41% - 50% - 2:54
2 - 59% - 50% - 4:07
PK3 Forward
1 - 0% - 50%
2 - 0% - 50%
PK3 Defense
1 - 0% - 50%
2 - 0% - 50%
44 Forward
1 - 66% - 50% - 0:57
2 - 34% - 50% - 0:30
44 Defense
1 - 66% - 50% - 0:57
2 - 34% - 50% - 0:30
Last Minute Offensive  - 0:00
Last Minute Defensive  - 0:00
Total
Forward - 60:00
Defense - 60:00

Play by Play

1st period


0:01 of 1st period - Tomas Tatar wins face-off versus Nicklas Backstrom in neutral zone.
0:30 of 1st period - Wrist shot by Rick Nash.
0:30 of 1st period - Stopped by Jaroslav Halak with a rebound.
2:22 of 1st period - Minor Penalty to Kevan Miller for Hooking.
2:23 of 1st period - Scott Laughton wins face-off versus Nicklas Backstrom in Blues zone.
2:32 of 1st period - Joakim Nordstrom is hit by Pavel Datsyuk and loses puck.
3:14 of 1st period - Icing by Andrew Ladd.
3:15 of 1st period - Artem Anisimov wins face-off versus Nick Foligno in Oilers zone.
3:18 of 1st period - Snap shot by Cam Atkinson.
3:18 of 1st period - Shot Misses the Net.
4:22 of 1st period - Penalty to Kevan Miller is over, Kevan Miller is back on ice.
4:32 of 1st period - Snap shot by Patrick Marleau.
4:32 of 1st period - Shot Blocked by Kevan Miller.
5:21 of 1st period - Snap shot by Tomas Tatar.
5:21 of 1st period - Stopped by Jaroslav Halak without a rebound.
5:22 of 1st period - Lars Eller wins face-off versus Artem Anisimov in Oilers zone.
5:35 of 1st period - Wrist shot by Mark Stone.
5:35 of 1st period - Shot Misses the Net.
5:39 of 1st period - Snap shot by Brandon Saad.
5:39 of 1st period - Shot Misses the Net.
5:41 of 1st period - Slapshot by Kevan Miller.
5:41 of 1st period - Stopped by Jaroslav Halak with a rebound.
6:16 of 1st period - Andrew MacDonald is hit by Cam Atkinson and loses puck.
7:01 of 1st period - Niklas Hjalmarsson is hit by Sean Couturier and loses puck.
7:22 of 1st period - Hampus Lindholm is hit by Nicklas Backstrom and loses puck.
7:27 of 1st period - Snap shot by Milan Michalek.
7:27 of 1st period - Shot Hit the Post.
7:29 of 1st period - Slapshot by Nick Bonino.
7:29 of 1st period - Stopped by Henrik Lundqvist with a rebound.
7:31 of 1st period - Slapshot by Ryan McDonagh.
7:31 of 1st period - Shot Blocked by Josh Gorges.
7:33 of 1st period - Snap shot by James Wisniewski.
7:33 of 1st period - Stopped by Henrik Lundqvist with a rebound.
7:35 of 1st period - Slapshot by Ryan McDonagh.
7:35 of 1st period - Shot Blocked by Sean Couturier.
7:37 of 1st period - Wrist shot by Nick Bonino.
7:37 of 1st period - Shot Hit the Post.
7:53 of 1st period - Ryan McDonagh is hit by Rick Nash and loses puck.
8:33 of 1st period - Wrist shot by Henrik Zetterberg.
8:33 of 1st period - Stopped by Henrik Lundqvist with a rebound.
10:00 of 1st period - Slapshot by Hampus Lindholm.
10:00 of 1st period - Stopped by Jaroslav Halak with a rebound.
10:02 of 1st period - Wrist shot by Hampus Lindholm.
10:02 of 1st period - Stopped by Jaroslav Halak without a rebound.
10:03 of 1st period - Scott Laughton wins face-off versus Derek Stepan in Oilers zone.
10:10 of 1st period - Wrist shot by Mark Stone.
10:10 of 1st period - Shot Misses the Net.
10:12 of 1st period - Wrist shot by Josh Gorges.
10:12 of 1st period - Shot Blocked by Zbynek Michalek.
10:14 of 1st period - Slapshot by Josh Gorges.
10:14 of 1st period - Stopped by Jaroslav Halak with a rebound.
10:16 of 1st period - Snap shot by Mark Stone.
10:16 of 1st period - Shot Misses the Net.
10:25 of 1st period - Off-side.
10:26 of 1st period - Nick Foligno wins face-off versus Anders Lee in neutral zone.
10:44 of 1st period - Backhand shot by Nick Foligno.
10:44 of 1st period - Goal by Nick Foligno - Oilers : 1 - Blues : 0.
10:45 of 1st period - Sean Couturier wins face-off versus Derek Stepan in neutral zone.
12:26 of 1st period - Snap shot by Mark Stone.
12:26 of 1st period - Goal by Mark Stone - Oilers : 1 - Blues : 1.
12:27 of 1st period - Sean Couturier wins face-off versus Nick Bonino in neutral zone.
13:04 of 1st period - Snap shot by Rick Nash.
13:04 of 1st period - Stopped by Jaroslav Halak without a rebound.
13:05 of 1st period - Artem Anisimov wins face-off versus Pavel Datsyuk in Oilers zone.
14:03 of 1st period - Kris Letang is hit by Andrew Ladd and loses puck.
14:10 of 1st period - Slapshot by Henrik Zetterberg.
14:10 of 1st period - Shot Blocked by Kevan Miller.
14:18 of 1st period - Wrist shot by Johan Franzen.
14:18 of 1st period - Stopped by Jaroslav Halak with a rebound.
14:28 of 1st period - Snap shot by Cam Atkinson.
14:28 of 1st period - Stopped by Jaroslav Halak with a rebound.
15:00 of 1st period - Kevan Miller is hit by Nick Bonino and loses puck.
15:45 of 1st period - Andrew MacDonald is hit by Joakim Nordstrom and loses puck.
15:54 of 1st period - Kris Letang is hit by Andrew MacDonald and loses puck.
15:59 of 1st period - Snap shot by Patrick Marleau.
15:59 of 1st period - Shot Misses the Net.
16:21 of 1st period - Zbynek Michalek is hit by Zdeno Chara and loses puck.
16:34 of 1st period - Slapshot by Johan Franzen.
16:34 of 1st period - Shot Misses the Net.
16:36 of 1st period - Slapshot by Zdeno Chara.
16:36 of 1st period - Shot Blocked by Zbynek Michalek.
16:40 of 1st period - Wrist shot by Johan Franzen.
16:40 of 1st period - Stopped by Jaroslav Halak with a rebound.
17:22 of 1st period - Wrist shot by Milan Michalek.
17:22 of 1st period - Shot Misses the Net.
17:35 of 1st period - Patrick Marleau is hit by Johan Franzen.
17:55 of 1st period - Snap shot by Mark Stone.
17:55 of 1st period - Stopped by Jaroslav Halak with a rebound.
17:57 of 1st period - Wrist shot by Joakim Nordstrom.
17:57 of 1st period - Stopped by Jaroslav Halak with a rebound.
18:18 of 1st period - Jason Demers is hit by Zdeno Chara and loses puck.
18:39 of 1st period - Slapshot by Mark Stone.
18:39 of 1st period - Shot Blocked by Jason Demers.
18:41 of 1st period - Slapshot by Josh Gorges.
18:41 of 1st period - Shot Blocked by Andrew MacDonald.
19:06 of 1st period - Off-side.
19:07 of 1st period - Nicklas Backstrom wins face-off versus Sean Couturier in neutral zone.
19:14 of 1st period - Wrist shot by Nick Foligno.
19:14 of 1st period - Shot Misses the Net.
19:16 of 1st period - Snap shot by Zbynek Michalek.
19:16 of 1st period - Stopped by Henrik Lundqvist with a rebound.
19:18 of 1st period - Slapshot by Zbynek Michalek.
19:18 of 1st period - Shot Misses the Net.
19:20 of 1st period - Slapshot by Zbynek Michalek.
19:20 of 1st period - Shot Blocked by Kevan Miller.
19:22 of 1st period - Slapshot by Zbynek Michalek.
19:22 of 1st period - Stopped by Henrik Lundqvist with a rebound.
19:43 of 1st period - Snap shot by Anders Lee.
19:43 of 1st period - Stopped by Jaroslav Halak with a rebound.
19:49 of 1st period - Wrist shot by Anders Lee.
19:49 of 1st period - Shot Blocked by Derek Stepan.
19:51 of 1st period - Slapshot by Josh Gorges.
19:51 of 1st period - Shot Misses the Net.
Goals for this period are 1 for Oilers vs 1 for Blues.
Shots for this period are 6 for Oilers vs 14 for Blues.

2nd period


0:01 of 2nd period - Artem Anisimov wins face-off versus Nicklas Backstrom in neutral zone.
0:22 of 2nd period - Wrist shot by Brandon Saad.
0:22 of 2nd period - Stopped by Jaroslav Halak with a rebound.
0:40 of 2nd period - Zdeno Chara is hit by Pavel Datsyuk and loses puck.
0:57 of 2nd period - Rick Nash is hit by Henrik Zetterberg and loses puck.
1:06 of 2nd period - Wrist shot by Henrik Zetterberg.
1:06 of 2nd period - Shot Misses the Net.
1:10 of 2nd period - Wrist shot by Henrik Zetterberg.
1:10 of 2nd period - Shot Misses the Net.
1:12 of 2nd period - Snap shot by Andrew Ladd.
1:12 of 2nd period - Deflect By Henrik Zetterberg.
1:12 of 2nd period - Shot Misses the Net.
1:12 of 2nd period - Puck is out of play.
1:13 of 2nd period - Anders Lee wins face-off versus Nick Bonino in Blues zone.
2:05 of 2nd period - Minor Penalty to Tomas Tatar for Interference.
2:06 of 2nd period - Nicklas Backstrom wins face-off versus Artem Anisimov in Blues zone.
2:16 of 2nd period - Off-side.
2:17 of 2nd period - Pavel Datsyuk wins face-off versus Artem Anisimov in neutral zone.
2:31 of 2nd period - Wrist shot by Pavel Datsyuk.
2:31 of 2nd period - Stopped by Henrik Lundqvist with a rebound.
2:33 of 2nd period - Snap shot by Pavel Datsyuk.
2:33 of 2nd period - Shot Blocked by Cam Atkinson.
2:35 of 2nd period - Wrist shot by Nick Foligno.
2:35 of 2nd period - Shot Blocked by Zdeno Chara.
2:37 of 2nd period - Wrist shot by Nick Foligno.
2:37 of 2nd period - Goal by Nick Foligno - Oilers : 2 - Blues : 1.
2:38 of 2nd period - Nicklas Backstrom wins face-off versus Artem Anisimov in neutral zone.
2:46 of 2nd period - Icing by Mark Stone.
2:47 of 2nd period - Artem Anisimov wins face-off versus Nicklas Backstrom in Blues zone.
2:57 of 2nd period - Slapshot by Kris Letang.
2:57 of 2nd period - Shot Misses the Net.
2:59 of 2nd period - Slapshot by Mark Stone.
2:59 of 2nd period - Goal by Mark Stone - Oilers : 2 - Blues : 2.
3:00 of 2nd period - Nicklas Backstrom wins face-off versus Scott Laughton in neutral zone.
3:23 of 2nd period - Nick Foligno is hit by Scott Laughton and loses puck.
5:15 of 2nd period - Milan Michalek is hit by Anders Lee and loses puck.
5:36 of 2nd period - Jason Demers is hit by Hampus Lindholm and loses puck.
5:43 of 2nd period - Snap shot by Patrick Marleau.
5:43 of 2nd period - Stopped by Henrik Lundqvist without a rebound.
5:44 of 2nd period - Lars Eller wins face-off versus Artem Anisimov in Blues zone.
5:49 of 2nd period - Wrist shot by Colin Wilson.
5:49 of 2nd period - Stopped by Henrik Lundqvist with a rebound.
6:29 of 2nd period - Snap shot by Pavel Datsyuk.
6:29 of 2nd period - Shot Blocked by Kris Letang.
6:31 of 2nd period - Slapshot by Ryan McDonagh.
6:31 of 2nd period - Shot Blocked by Kris Letang.
6:49 of 2nd period - Henrik Zetterberg is hit by Rick Nash and loses puck.
7:04 of 2nd period - Wrist shot by Tomas Tatar.
7:04 of 2nd period - Shot Misses the Net.
7:35 of 2nd period - Ryan McDonagh is hit by Mark Stone and loses puck.
8:26 of 2nd period - Off-side.
8:27 of 2nd period - Sean Couturier wins face-off versus Nick Foligno in neutral zone.
9:19 of 2nd period - Ryan Ellis is hit by Andrew MacDonald.
9:37 of 2nd period - Tomas Tatar is hit by Nick Bonino and loses puck.
9:54 of 2nd period - Snap shot by Patrick Marleau.
9:54 of 2nd period - Stopped by Henrik Lundqvist without a rebound.
9:55 of 2nd period - Lars Eller wins face-off versus Artem Anisimov in Blues zone.
9:56 of 2nd period - Snap shot by Patrick Marleau.
9:56 of 2nd period - Shot Misses the Net.
9:58 of 2nd period - Slapshot by Zbynek Michalek.
9:58 of 2nd period - Stopped by Henrik Lundqvist with a rebound.
10:00 of 2nd period - Wrist shot by Patrick Marleau.
10:00 of 2nd period - Stopped by Henrik Lundqvist without a rebound.
10:01 of 2nd period - Lars Eller wins face-off versus Mark Stone in Blues zone.
10:06 of 2nd period - Snap shot by Colin Wilson.
10:06 of 2nd period - Shot Misses the Net.
10:08 of 2nd period - Slapshot by Zbynek Michalek.
10:08 of 2nd period - Stopped by Henrik Lundqvist with a rebound.
10:10 of 2nd period - Snap shot by Zbynek Michalek.
10:10 of 2nd period - Stopped by Henrik Lundqvist with a rebound.
10:12 of 2nd period - Snap shot by Colin Wilson.
10:12 of 2nd period - Stopped by Henrik Lundqvist with a rebound.
10:14 of 2nd period - Slapshot by Niklas Hjalmarsson.
10:14 of 2nd period - Shot Blocked by Artem Anisimov.
11:09 of 2nd period - Wrist shot by Rick Nash.
11:09 of 2nd period - Shot Blocked by Niklas Hjalmarsson.
11:11 of 2nd period - Wrist shot by Sean Couturier.
11:11 of 2nd period - Shot Blocked by Andrew Ladd.
11:53 of 2nd period - Snap shot by Nicklas Backstrom.
11:53 of 2nd period - Stopped by Henrik Lundqvist with a rebound.
11:55 of 2nd period - Snap shot by James Wisniewski.
11:55 of 2nd period - Shot Misses the Net.
11:57 of 2nd period - Slapshot by Ryan McDonagh.
11:57 of 2nd period - Stopped by Henrik Lundqvist with a rebound.
12:34 of 2nd period - Nick Bonino is hit by Kris Letang and loses puck.
13:25 of 2nd period - Wrist shot by Nick Foligno.
13:25 of 2nd period - Stopped by Henrik Lundqvist without a rebound.
13:26 of 2nd period - Scott Laughton wins face-off versus Nicklas Backstrom in Blues zone.
13:49 of 2nd period - Snap shot by Mark Stone.
13:49 of 2nd period - Stopped by Jaroslav Halak with a rebound.
14:04 of 2nd period - Johan Franzen is hit by Nick Bonino and loses puck.
14:10 of 2nd period - Off-side.
14:11 of 2nd period - Lars Eller wins face-off versus Anders Lee in neutral zone.
14:18 of 2nd period - Snap shot by Colin Wilson.
14:18 of 2nd period - Stopped by Henrik Lundqvist with a rebound.
14:26 of 2nd period - Patrick Marleau is hit by Johan Franzen and loses puck.
14:45 of 2nd period - Snap shot by Henrik Zetterberg.
14:45 of 2nd period - Stopped by Henrik Lundqvist with a rebound.
15:48 of 2nd period - Wrist shot by Rick Nash.
15:48 of 2nd period - Stopped by Jaroslav Halak with a rebound.
15:55 of 2nd period - Icing by Niklas Hjalmarsson.
15:56 of 2nd period - Nick Bonino wins face-off versus Anders Lee in Oilers zone.
16:21 of 2nd period - James Wisniewski is hit by Anders Lee and loses puck.
16:43 of 2nd period - James Wisniewski is hit by Joakim Nordstrom and loses puck.
17:11 of 2nd period - Josh Gorges is hit by Colin Wilson and loses puck.
17:26 of 2nd period - Minor Penalty to Ryan McDonagh for Hooking.
17:27 of 2nd period - Artem Anisimov wins face-off versus Nick Bonino in Oilers zone.
17:42 of 2nd period - Wrist shot by Andrew Ladd.
17:42 of 2nd period - Shot Blocked by Cam Atkinson.
18:01 of 2nd period - Andrew MacDonald is hit by Rick Nash and loses puck.
18:37 of 2nd period - Brandon Saad is hit by Andrew Ladd and loses puck.
19:26 of 2nd period - Penalty to Ryan McDonagh is over, Ryan McDonagh is back on ice.
Goals for this period are 1 for Oilers vs 1 for Blues.
Shots for this period are 15 for Oilers vs 4 for Blues.

3rd period


0:01 of 3rd period - Artem Anisimov wins face-off versus Derek Stepan in neutral zone.
0:14 of 3rd period - Wrist shot by Brandon Saad.
0:14 of 3rd period - Shot Hit the Post.
0:16 of 3rd period - Slapshot by Kris Letang.
0:16 of 3rd period - Stopped by Jaroslav Halak with a rebound.
1:21 of 3rd period - Off-side.
1:22 of 3rd period - Sean Couturier wins face-off versus Nick Bonino in neutral zone.
3:44 of 3rd period - Niklas Hjalmarsson is hit by Tomas Tatar and loses puck.
5:25 of 3rd period - Zdeno Chara is hit by Andrew Ladd and loses puck.
5:34 of 3rd period - Niklas Hjalmarsson is hit by Mark Stone and loses puck.
5:55 of 3rd period - Slapshot by Johan Franzen.
5:55 of 3rd period - Shot Misses the Net.
6:11 of 3rd period - Minor Penalty to Hampus Lindholm for Holding.
6:12 of 3rd period - Scott Laughton wins face-off versus Henrik Zetterberg in Blues zone.
6:47 of 3rd period - Cam Atkinson is hit by Nicklas Backstrom and loses puck.
6:57 of 3rd period - Icing by Nicklas Backstrom.
6:58 of 3rd period - Nicklas Backstrom wins face-off versus Scott Laughton in Oilers zone.
7:03 of 3rd period - Joakim Nordstrom is hit by Nick Foligno and loses puck.
8:11 of 3rd period - Penalty to Hampus Lindholm is over, Hampus Lindholm is back on ice.
8:32 of 3rd period - Snap shot by Rick Nash.
8:32 of 3rd period - Shot Blocked by Nick Bonino.
8:50 of 3rd period - Snap shot by Rick Nash.
8:50 of 3rd period - Shot Misses the Net.
8:52 of 3rd period - Snap shot by Rick Nash.
8:52 of 3rd period - Blues goal is going for a video replay.
8:52 of 3rd period - The goal is good.
8:52 of 3rd period - Goal by Rick Nash - Oilers : 2 - Blues : 3.
8:53 of 3rd period - Mark Stone wins face-off versus Nick Bonino in neutral zone.
9:12 of 3rd period - Snap shot by Brandon Saad.
9:12 of 3rd period - Stopped by Jaroslav Halak with a rebound.
9:14 of 3rd period - Snap shot by Josh Gorges.
9:14 of 3rd period - Shot Blocked by James Wisniewski.
9:16 of 3rd period - Wrist shot by Mark Stone.
9:16 of 3rd period - Shot Hit the Post.
9:18 of 3rd period - Slapshot by Josh Gorges.
9:18 of 3rd period - Stopped by Jaroslav Halak without a rebound.
9:19 of 3rd period - Sean Couturier wins face-off versus Nicklas Backstrom in Oilers zone.
9:30 of 3rd period - Wrist shot by Tomas Tatar.
9:30 of 3rd period - Shot Misses the Net.
9:34 of 3rd period - Snap shot by Rick Nash.
9:34 of 3rd period - Blues goal is going for a video replay.
9:34 of 3rd period - The goal is good.
9:34 of 3rd period - Goal by Rick Nash - Oilers : 2 - Blues : 4.
9:35 of 3rd period - Mark Stone wins face-off versus Derek Stepan in neutral zone.
10:12 of 3rd period - Wrist shot by Mark Stone.
10:12 of 3rd period - Stopped by Jaroslav Halak without a rebound.
10:13 of 3rd period - Nicklas Backstrom wins face-off versus Sean Couturier in Oilers zone.
10:13 of 3rd period - Nicklas Backstrom is hit by Tomas Tatar.
10:33 of 3rd period - Minor Penalty to Sean Couturier for Hooking.
10:34 of 3rd period - Nicklas Backstrom wins face-off versus Scott Laughton in Blues zone.
11:05 of 3rd period - Minor Penalty to Derek Stepan for Interference.
11:06 of 3rd period - Nicklas Backstrom wins face-off versus Anders Lee in Oilers zone.
12:19 of 3rd period - Slapshot by Mark Stone.
12:19 of 3rd period - Stopped by Jaroslav Halak with a rebound.
12:21 of 3rd period - Backhand shot by Artem Anisimov.
12:21 of 3rd period - Shot Blocked by Pavel Datsyuk.
12:23 of 3rd period - Snap shot by Artem Anisimov.
12:23 of 3rd period - Shot Blocked by Brayden McNabb.
12:25 of 3rd period - Slapshot by Josh Gorges.
12:25 of 3rd period - Shot Misses the Net.
12:27 of 3rd period - Slapshot by Josh Gorges.
12:27 of 3rd period - Stopped by Jaroslav Halak without a rebound.
12:28 of 3rd period - Henrik Zetterberg wins face-off versus Artem Anisimov in Oilers zone.
12:33 of 3rd period - Penalty to Sean Couturier is over, Sean Couturier is back on ice.
12:35 of 3rd period - Artem Anisimov is hit by Ryan McDonagh and loses puck.
13:05 of 3rd period - Penalty to Derek Stepan is over, Derek Stepan is back on ice.
13:06 of 3rd period - Snap shot by Rick Nash.
13:06 of 3rd period - Stopped by Jaroslav Halak without a rebound.
13:07 of 3rd period - Sean Couturier wins face-off versus Nick Bonino in Oilers zone.
14:11 of 3rd period - Minor Penalty to Johan Franzen for Interference.
14:12 of 3rd period - Nicklas Backstrom wins face-off versus Scott Laughton in Blues zone.
14:45 of 3rd period - Slapshot by Zdeno Chara.
14:45 of 3rd period - Shot Blocked by Pavel Datsyuk.
14:47 of 3rd period - Snap shot by Scott Laughton.
14:47 of 3rd period - Shot Misses the Net.
14:49 of 3rd period - Wrist shot by Joakim Nordstrom.
14:49 of 3rd period - Shot Misses the Net.
15:05 of 3rd period - James Wisniewski is hit by Cam Atkinson and loses puck.
15:24 of 3rd period - Wrist shot by Artem Anisimov.
15:24 of 3rd period - Stopped by Jaroslav Halak with a rebound.
15:41 of 3rd period - Off-side.
15:42 of 3rd period - Nicklas Backstrom wins face-off versus Scott Laughton in neutral zone.
16:11 of 3rd period - Penalty to Johan Franzen is over, Johan Franzen is back on ice.
16:49 of 3rd period - Icing by Sean Couturier.
16:50 of 3rd period - Rick Nash wins face-off versus Lars Eller in Blues zone.
17:32 of 3rd period - Off-side.
17:33 of 3rd period - Scott Laughton wins face-off versus Henrik Zetterberg in neutral zone.
17:59 of 3rd period - Snap shot by Scott Laughton.
17:59 of 3rd period - Shot Blocked by Andrew Ladd.
18:01 of 3rd period - Snap shot by Mark Stone.
18:01 of 3rd period - Stopped by Jaroslav Halak with a rebound.
18:08 of 3rd period - Wrist shot by Scott Laughton.
18:08 of 3rd period - Shot Misses the Net.
18:10 of 3rd period - Slapshot by Mark Fayne.
18:10 of 3rd period - Stopped by Jaroslav Halak with a rebound.
18:54 of 3rd period - Snap shot by Patrick Marleau.
18:54 of 3rd period - Stopped by Henrik Lundqvist with a rebound.
18:58 of 3rd period - Slapshot by Milan Michalek.
18:58 of 3rd period - Shot Misses the Net.
19:00 of 3rd period - Snap shot by Zbynek Michalek.
19:00 of 3rd period - Shot Blocked by Mark Fayne.
19:02 of 3rd period - Snap shot by Milan Michalek.
19:02 of 3rd period - Stopped by Henrik Lundqvist without a rebound.
19:03 of 3rd period - Nick Bonino wins face-off versus Artem Anisimov in Blues zone.
19:30 of 3rd period - Minor Penalty to Milan Michalek for Interference.
19:31 of 3rd period - Nick Bonino wins face-off versus Sean Couturier in Oilers zone.
19:54 of 3rd period - Wrist shot by Rick Nash.
19:54 of 3rd period - Goal by Rick Nash - Oilers : 2 - Blues : 5.
19:55 of 3rd period - Nicklas Backstrom wins face-off versus Artem Anisimov in neutral zone.
Goals for this period are 0 for Oilers vs 3 for Blues.
Shots for this period are 2 for Oilers vs 13 for Blues.